 Dungeon Crawl Stone Soup version 0.28.0-53-g5a82cb258f (webtiles) character file.

Game seed: 963648243157136484

966 styxcanada the Covert (level 7, -2/36 HPs)
             Began as a Spriggan Brigand on July 2, 2022.
             Was an Initiate of Gozag.
             Killed from afar by Pikel (14 damage)
             ... with an iceblast
             ... on level 5 of the Dungeon on July 3, 2022.
             The game lasted 00:19:14 (5106 turns).

styxcanada the Covert (Spriggan Brigand)            Turns: 5106, Time: 00:19:15

Health: -2/36      AC:  3    Str:  7    XL:     7   Next: 93%
Magic:  8/8        EV: 20    Int: 12    God:    Gozag
Gold:   192        SH:  0    Dex: 19    Spells: 6/6 levels left

rFire   + . .      SeeInvis +   a - +2 dagger
rCold   . . .      Faith    .   (no shield)
rNeg    . . .      Spirit   .   b - +0 robe
rPois   .          Reflect  .   (helmet restricted)
rElec   .          Harm     .   c - +0 cloak
rCorr   .          Rampage  .   (gloves unavailable)
Will    +....                   (boots unavailable)
Stlth   +++++.....              (no amulet)
HPRegen 0.12/turn               (no ring)
MPRegen 0.11/turn               (no ring)

@: gold aura, very quick
A: very small, no large weapons, unfitting armour, see invisible, speed 3, fire
resistance 1, wild magic 1
a: Renounce Religion, Potion Petition, Call Merchant, Bribe Branch


You were on level 5 of the Dungeon.
You worshipped Gozag.
Gozag was aware of your devotion.
You visited 2 branches of the dungeon, and saw 6 of its levels.

You collected 226 gold pieces.
You paid 34 gold pieces to Gozag.

Inventory:

Hand Weapons
 a - a +2 dagger (weapon)
 e - a +2 vorpal hunting sling
Missiles
 f - 6 boomerangs
 g - 124 sling bullets
 h - 204 stones
 l - 7 poisoned darts (quivered)
Armour
 b - a +0 robe (worn)
 c - a +0 cloak (worn)
 i - an orb of mayhem
Jewellery
 j - a ring of protection from cold
 k - a ring of magical power
 q - a ring of ice
Wands
 d - a wand of acid (2)
 r - a wand of polymorph (18)
Scrolls
 m - 2 scrolls of blinking
 t - a scroll of identify
Potions
 n - 3 potions of curing
 o - a potion of berserk rage
 p - a potion of ambrosia
 s - a potion of brilliance


   Skills:
 * Level 3.3 Fighting
 + Level 3.8 Short Blades
 + Level 4.3 Throwing
 * Level 5.4 Dodging
 * Level 10.1 Stealth
 + Level 0.4 Evocations


You had 6 spell levels left.
You didn't know any spells.
Your spell library was empty.

Dungeon Overview and Level Annotations

Branches:
Dungeon (5/15)             Temple (1/1) D:4

Altars:
Dithmenos
Gozag
Xom
Zin

Shops:
D:3 :

Annotations:
D:5 Pikel


Innate Abilities, Weirdness & Mutations

You are very small and have problems with some larger weapons.
You are too small for most types of armour.
You have supernaturally acute eyesight. (SInv)
You cover ground extremely quickly. (Speed+++)
Your flesh is heat resistant. (rF+)
Your spells are a little harder to cast, but a little more powerful.


Message History

Throw: 8 darts (poison)
Press: ? - help, Q - select action, (/) - cycle Shift-Dir - straight line, f/p - Pikel
Aim: Pikel, wielding a +1 whip of electrocution, wearing a +0 robe and carrying a wand of iceblast (11) (moderately wounded, extremely poisoned, 58% to hit)
You throw a poisoned dart. The poisoned dart hits Pikel.
Pikel is moderately wounded.
Pikel zaps a wand.
The mass of ice explodes!
The iceblast engulfs you!
You hear a shout!
You hear a bark!
A hound comes into view.
You see here 22 stones.
h - 204 stones (gained 22)
Found a stone staircase leading down.
Found a potion of brilliance.
You hit the hound.
The hound is lightly wounded.
The hound closely misses you. The hound completely misses you.
You hit the hound.
The hound is moderately wounded.
The hound closely misses you.
You hit the hound.
The hound is heavily wounded.
The hound misses you.
You hit the hound.
The hound is severely wounded.
The hound bites you.
You hit the hound but do no damage.
The hound is severely wounded.
The hound barely misses you.
You hit the hound.
The hound is almost dead.
The hound completely misses you. The hound closely misses you.
You hit the hound.
The hound is almost dead.
The hound barely misses you.
You hit the hound.
You kill the hound!
You see here 8 gold pieces.
Pikel waves his whip at you.
Pikel zaps a wand.
The mass of ice explodes!
The iceblast engulfs you!
You die...
Your body crumbles into a pile of gold.

.#.##..K.K.......§#§§.....
.#..((..........§.+.......
..........5.......#.......
...[...........##K5.......
...............##...##...
........##....###.$.#
..###########.###...###.
..# #............ ..#
#...@........ .##
#..!.........# ..
#........>...# .#
#.............
#......#......
#.######..... #. ... #. ..


You could see Pikel (very poisoned) and a lemure.

Vanquished Creatures
  Grinder (D:3)
  A water moccasin (D:4)
  An ogre (D:4)
  A phantom (D:5)
  A scorpion (D:4)
  5 hounds
  An orc priest (D:3)
  An iguana (D:5)
  Natasha (thrice) (D:3)
  An orc wizard (D:3)
  8 adders
  4 worms
  3 orcs (D:3)
  9 ball pythons
  2 bats
  5 endoplasms
  5 giant cockroaches
  11 goblins
  3 hobgoblins
  4 jackals
  6 kobolds
  A quokka (D:1)
  2 frilled lizards
  2 rats
81 creatures vanquished.

Notes
Turn   | Place    | Note
-------+----------+-------------------------------------------
     0 | D:1      | styxcanada the Spriggan Brigand began the quest for the
                  | Orb.
     0 | D:1      | Reached XP level 1. HP: 10/10 MP: 2/2
   142 | D:1      | Reached skill level 6 in Stealth
   188 | D:1      | Reached XP level 2. HP: 11/15 MP: 3/3
   704 | D:2      | Reached XP level 3. HP: 18/18 MP: 4/4
   764 | D:2      | Found a faded altar of an unknown god.
  1485 | D:3      | Found Ucup's Book Emporium.
  1528 | D:3      | Reached skill level 7 in Stealth
  1528 | D:3      | Reached XP level 4. HP: 23/23 MP: 5/5
  1986 | D:3      | Noticed Grinder
  1996 | D:3      | Killed Grinder
  1997 | D:3      | Reached skill level 8 in Stealth
  1997 | D:3      | Reached XP level 5. HP: 23/27 MP: 6/6
  1997 | D:3      | Reached XP level 6. HP: 28/32 MP: 7/7
  2326 | D:3      | Noticed Natasha
  2328 | D:3      | Killed Natasha
  2359 | D:3      | Noticed Natasha
  2367 | D:3      | Killed Natasha
  2511 | D:3      | Noticed Natasha
  2525 | D:3      | Killed Natasha
  2969 | D:3      | Gained mutation: Your flesh is heat resistant. (rF+)
                  | [potion of mutation]
  2969 | D:3      | Gained mutation: Your spells are a little harder to cast,
                  | but a little more powerful. [potion of mutation]
  2974 | D:3      | HP: 1/32 [poisoned by an adder]
  3554 | D:4      | Reached skill level 9 in Stealth
  3569 | D:4      | Reached XP level 7. HP: 35/35 MP: 8/8
  4121 | D:4      | Found a staircase to the Ecumenical Temple.
  4130 | Temple   | Entered the Ecumenical Temple
  4137 | Temple   | Became a worshipper of Gozag Ym Sagoz the Greedy
  4288 | D:4      | Found a glowing silver altar of Zin.
  4434 | D:4      | Reached skill level 5 in Dodging
  4620 | D:4      | Reached skill level 10 in Stealth
  4730 | D:5      | Entered Level 5 of the Dungeon
  4730 | D:5      | Noticed Pikel
  5083 | D:5      | Found a shadowy altar of Dithmenos.
  5106 | D:5      | Killed from afar by Pikel

Illustrated notes

Levels and vault maps discovered:
D:1:      minmay_arrival_up_and_down, layout_rooms
D:2:      layout_basic, chequers_ecumenical_altar_simple_redux, minivault_27
D:3:      layout_basic, serial_shops, shop, uniq_grinder, uniq_natasha
D:4:      kennysheep_the_goblin_king, layout_cave_pools,
          mainiacjoe_overflow_six_doors_small, temple_hall,
          minmay_joined_circles
D:5:      layout_basic, nicolae_ashenzari_skybound, grunt_dithmenos_smoke,
          uniq_sigmund, uniq_crazy_yiuf_cottage, uniq_pikel
Temple:   minmay_crystal_spiral_temple

Skill      XL: |  1  2  3  4  5  6  7 |
---------------+----------------------+-----
Dodging        | 2 3 4 5 |  5.4
Stealth        | 6 7 8 9 10 | 10.1
Fighting       | 2 3 |  3.3
Short Blades   | 3 |  3.8
Throwing       | 3 4 |  4.3
Evocations     | |  0.4

Action                   |  1- 3 |  4- 6 |  7- 9 || total
-------------------------+-------+-------+-------++-------
Melee: Dagger            |    80 |    53 |   112 ||   245
       Punch             |     1 |       |     1 ||     2
Throw: Dart              |    21 |    25 |    20 ||    66
       Boomerang         |       |    12 |       ||    12
Evoke: Wand              |       |       |     5 ||     5
  Use: Potion            |       |     3 |       ||     3
       Scroll            |       |     2 |     9 ||    11
 Stab: Sleeping          |     4 |     9 |     2 ||    15
Armor: Robe              |    12 |     8 |    15 ||    35
Dodge: Dodged            |    91 |    21 |   102 ||   214
